 Dungeon Crawl Stone Soup version 0.28.0-45-g0d030f2227 (webtiles) character file.

Game seed: 17997796490085735476

18520 dianekeaton the Severer (level 12, -1/113 HPs)
             Began as a Hill Orc Fighter on Apr 4, 2022.
             Was a High Priest of Okawaru.
             Slain by a catoblepas (12 damage)
             ... while petrified by a catoblepas
             ... on level 4 of the Lair of Beasts.
             The game lasted 00:50:27 (15000 turns).

dianekeaton the Severer (Hill Orc Fighter)         Turns: 15000, Time: 00:50:27

Health: -1/113     AC: 14    Str: 26    XL:     12   Next: 59%
Magic:  0/12       EV:  2    Int:  6    God:    Okawaru [*****.]
Gold:   562        SH:  0    Dex: 19    Spells: 11/11 levels left

rFire   + . .      SeeInvis .   b - +9 battleaxe of the Nexus {flame, rCorr}
rCold   . . .      Faith    .   (shield currently unavailable)
rNeg    + + +      Spirit   +   H - +2 chain mail {rF+}
rPois   ∞          Reflect  .   f - +1 helmet of Okawaru's Generosity {Str+2 Int-2 Dex+3}
rElec   .          Harm     .   (no cloak)
rCorr   +          Rampage  .   (no gloves)
Will    .....                   (no boots)
Stlth   ..........              z - amulet of guardian spirit
HPRegen 0.28/turn               r - +6 ring of dexterity
MPRegen 0.13/turn               y - +4 ring of evasion

@: petrified, studying Throwing
A: no striking features
a: Renounce Religion, Heroism, Finesse, Duel


You were on level 4 of the Lair of Beasts.
You worshipped Okawaru.
Okawaru was extremely pleased with you.
You visited 3 branches of the dungeon, and saw 14 of its levels.
You also visited: Ice Cave.

You collected 698 gold pieces.
You spent 136 gold pieces at shops.

Inventory:

Hand Weapons
 b - the +9 battleaxe of the Nexus (weapon) {flame, rCorr}
   (You acquired it on level 5 of the Dungeon)

   It burns those it strikes, dealing additional fire damage.
   Big, fiery blades are also staple armaments of hydra-hunters.
   rCorr:     It protects you from acid and corrosion.
 j - the +7 whip "Enauqoli" {drain, Fly Will+++ Int-2}
   (You found it on level 2 of the Dungeon)

   A truly terrible weapon, it drains the life of any living foe it strikes.
   Int:       It affects your intelligence (-2).
   Fly:       It grants you flight.
   Will:      It greatly increases your willpower.
 N - a +5 great mace
Missiles
 d - 21 poisoned darts
 B - 6 atropa-tipped darts
 G - 8 javelins
Armour
 c - a +0 buckler
 f - the +1 helmet of Okawaru's Generosity (worn) {Str+2 Int-2 Dex+3}
   (Okawaru gifted it to you on level 4 of the Lair of Beasts)

   Str:       It affects your strength (+2).
   Int:       It affects your intelligence (-2).
   Dex:       It affects your dexterity (+3).
 h - a +0 plate armour
 q - a +2 helmet
 u - a +0 troll leather armour
 H - a +2 chain mail of fire resistance (worn)
Magical Staves
 A - a staff of poison
 L - a staff of death
Jewellery
 m - a +4 ring of evasion
 r - a +6 ring of dexterity (left hand)
 w - a ring of wizardry
 y - a +4 ring of evasion (right hand)
 z - an amulet of guardian spirit (around neck)
Wands
 v - a wand of mindburst (2) (quivered)
 x - a wand of digging (4)
 D - a wand of iceblast (1)
Scrolls
 i - a scroll of silence
 n - 2 scrolls of immolation
 C - a scroll of holy word
 E - a scroll of amnesia
 K - a scroll of blinking
 O - a scroll of identify
Potions
 a - 4 potions of heal wounds
 e - 4 potions of brilliance
 k - a potion of ambrosia
 l - 2 potions of flight
 o - 2 potions of lignification
 p - a potion of mutation
 s - a potion of curing
 t - a potion of might
 F - 2 potions of attraction
 I - a potion of degeneration {unknown}
 J - a potion of resistance {unknown}
 M - a potion of invisibility {unknown}


   Skills:
 * Level 12.4 Fighting
 + Level 19.3(19.6) Axes
 - Level 4.6(11.7) Maces & Flails
 * Level 5.4 Throwing
 + Level 7.2 Armour
 - Level 0.1 Dodging
 - Level 0.1 Stealth
 - Level 3.2 Shields


You had 11 spell levels left.
You didn't know any spells.
Your spell library contained the following spells:

 Spells                   Type           Power      Damage    Failure   Level
 Freeze                   Ice            0%         1d3       95%         1
 Ensorcelled Hibernation  Hex/Ice        0%         N/A       99%         2
 Passwall                 Tmut/Erth      0%         N/A       99%         2
 Frozen Ramparts          Ice            0%         1d2       100%        3
 Ignite Poison            Fire/Tmut/Pois 0%         N/A       100%        3
 Mephitic Cloud           Conj/Pois/Air  0%         N/A       100%        3
 Swiftness                Air            0%         N/A       100%        3
 Hailstorm                Conj/Ice       0%         3d3       100%        4
 Fireball                 Conj/Fire      0%         3d3       100%        5
 Freezing Cloud           Conj/Ice/Air   0%         6-21      100%        5
 Iskenderun's Battlesphe  Conj           0%         2d6       100%        5
 Conjure Ball Lightning   Conj/Air       0%         3x3d6     100%        6
 Orb of Destruction       Conj           0%         9d5       100%        7


Dungeon Overview and Level Annotations

Branches:
Dungeon (9/15)             Temple (1/1) D:4            Lair (4/6) D:9
  IceCv (visited)
  Swamp: Lair:2-4    Shoals: Lair:2-4     Snake: Lair:2-4    Spider: Lair:2-4
    Orc: D:9-12

Altars:
Ashenzari
Dithmenos
Fedhas
Gozag
Hepliaklqana
Makhleb
Okawaru
Qazlal
Ru
Trog
Uskayaw
Vehumet
Wu Jian
The Shining One

Shops:
D:5 **:*

Annotations:
D:6 1 runed translucent door, terff's ghost, novice HuCj
D:8 Joseph
Lair:2 1 runed translucent door, Elebi's ghost, journeyman DrTm
Lair:3 Gastronok


Message History

The catoblepas gores you. The wyvern bites you! The catoblepas gores you!
The wyvern bites you but does no damage.
The wyvern stops moving altogether!
The catoblepas gores you!! x2
The catoblepas gores you but does no damage.
The catoblepas gores you!
The wolf is no longer petrified.
The wolf bites you.
The catoblepas breathes a plume of calcifying dust at you.
The blast of calcifying dust hits you! The wolf bites you.
You are engulfed in calcifying dust.
The wolf bites you but does no damage.
The catoblepas breathes a plume of calcifying dust at you.
The blast of calcifying dust hits you but does no damage.
The wolf bites you but does no damage.
You turn to flesh and can move again.
As you read the scroll of fear, it crumbles to dust.
You assume a fearsome visage.
The wolf looks frightened!
The wyvern looks frightened!
The catoblepas resists with almost no effort.
You are engulfed in calcifying dust.
You are slowing down.
The catoblepas gores you. The catoblepas gores you!
Your limbs are stiffening.
You have turned to stone.
The wyvern is no longer petrified.
The catoblepas gores you but does no damage.
The catoblepas breathes a plume of calcifying dust at you.
The blast of calcifying dust hits you!
You are engulfed in calcifying dust.
The catoblepas gores you!
* * * LOW HITPOINT WARNING * * *
You are engulfed in calcifying dust.
The catoblepas gores you!!
* * * LOW HITPOINT WARNING * * *
You are engulfed in calcifying dust.
The catoblepas gores you!!
* * * LOW HITPOINT WARNING * * *
You are engulfed in calcifying dust.
The catoblepas gores you.
* * * LOW HITPOINT WARNING * * *
You are engulfed in calcifying dust.
The catoblepas breathes a plume of calcifying dust at you.
The blast of calcifying dust hits you. The catoblepas gores you!!
You die...

...........#####.##P.....#
..........#..##..###.....#
.#....#..#...##..###.....##
.#...#.†...###...##......##
......##...##..##........+
......#...##...#PP.....###
#####..##....#.P..P........###
......................[...#..####
..........§..§..@Y..........Y..l.
.................................
.#.+###.##.......................
.##.####.#.....###..P###.........
....8...#.....## ##†.# #.........
....8....#...#####..####.##....#.
.8.....8....###†##....##.###.##.#
....8......#.....##......# ... ..
............#†...†#..P##.# .. ..


You could see a catoblepas.

Vanquished Creatures
  A hydra (Lair:2)
  Erica (D:9)
  Urug (Lair:3)
  4 black mambas
  5 cane toads
  5 komodo dragons
  2 rime drakes (Lair:4)
  4 ice devils (IceCv)
  7 polar bears (Lair:1)
  A troll (D:9)
  A hornet (D:9)
  Grinder (D:5)
  3 culicivoras (Lair:4)
  3 basilisks (Lair:4)
  16 yaks
  Eustachio (D:6)
  Menkaure (D:6)
  6 water moccasins
  Duvessa (D:4)
  An ice beast (D:5)
  2 sky beasts
  2 orc warriors
  9 black bears
  A necrophage (D:6)
  4 ogres
  13 wolves
  A phantom (D:5)
  A centaur (D:6)
  A kobold brigand (D:7)
  3 scorpions
  8 bullfrogs
  A gnoll sergeant (D:7)
  A cane toad simulacrum (IceCv)
  Dowan (D:4)
  An elephant simulacrum (IceCv)
  9 killer bees (D:9)
  A howler monkey (D:5)
  A hound (D:5)
  3 orc priests
  A jelly (D:6)
  Jessica (D:3)
  2 iguanas
  8 orc wizards
  5 hell rats (Lair:4)
  A spriggan simulacrum (IceCv)
  2 howler monkey zombies
  5 gnolls
  A howler monkey skeleton (D:5)
  6 adders
  A shadow imp (D:6)
  A white imp (IceCv)
  An adder skeleton (D:4)
  6 worms
  2 dart slugs
  37 orcs
  8 endoplasms
  5 giant cockroaches
  10 goblins
  9 hobgoblins
  5 jackals
  4 quokkas
  3 ball pythons
  4 bats
  4 frilled lizards
  7 kobolds
  4 rats
  A bush (D:4)
272 creatures vanquished.

Vanquished Creatures (others)
  10 fungi
  57 plants
67 creatures vanquished.

Grand Total: 339 creatures vanquished

Notes
Turn   | Place    | Note
-------+----------+-------------------------------------------
     0 | D:1      | dianekeaton the Hill Orc Fighter began the quest for the
                  | Orb.
     0 | D:1      | Reached XP level 1. HP: 19/19 MP: 1/1
    59 | D:1      | Reached skill level 3 in Axes
   140 | D:1      | Reached XP level 2. HP: 25/26 MP: 2/2
   286 | D:1      | Reached skill level 4 in Axes
   767 | D:2      | Reached XP level 3. HP: 19/31 MP: 3/3
   955 | D:2      | Identified the +7 whip "Enauqoli" {drain, Fly Will+++
                  | Int-2}
  1049 | D:2      | Reached skill level 5 in Axes
  1312 | D:3      | Reached XP level 4. HP: 37/39 MP: 4/4
  1483 | D:3      | Reached skill level 1 in Maces & Flails
  1601 | D:3      | Found a faded altar of an unknown god.
  1610 | D:3      | Reached skill level 6 in Axes
  1824 | D:3      | Noticed Jessica
  1832 | D:3      | Killed Jessica
  1833 | D:3      | Reached XP level 5. HP: 39/45 MP: 5/5
  2282 | D:4      | Noticed an ogre
  2289 | D:3      | Killed an ogre
  2290 | D:3      | Reached skill level 7 in Axes
  2290 | D:3      | Reached XP level 6. HP: 15/51 MP: 6/6
  2532 | D:4      | Found a broken altar of Ashenzari.
  2532 | D:4      | Noticed Duvessa
  2532 | D:4      | Noticed Dowan
  3544 | D:5      | Entered Level 5 of the Dungeon
  3693 | D:5      | Found Voath's Assorted Antiques.
  3715 | D:5      | Noticed an ice beast
  3718 | D:5      | Reached skill level 8 in Axes
  3757 | D:5      | Killed an ice beast
  3758 | D:5      | Reached XP level 7. HP: 7/53 MP: 7/7
  4044 | D:5      | Found Jakloeh's Book Shop.
  4455 | D:5      | Found Fentyd Kail's Assorted Antiques.
  4497 | D:5      | Reached skill level 9 in Axes
  4558 | D:5      | Found a shadowy altar of Dithmenos.
  4592 | D:5      | Noticed Grinder
  4605 | D:5      | Killed Grinder
  4606 | D:5      | Reached skill level 10 in Axes
  4606 | D:5      | Reached XP level 8. HP: 57/64 MP: 8/8
  4649 | D:5      | Reached skill level 11 in Axes
  4768 | D:5      | Reached skill level 12 in Axes
  5058 | D:5      | Found Erru's Assorted Antiques.
  5140 | D:5      | Identified a scroll of acquirement
  5140 | D:5      | Acquired the +9 battleaxe of the Nexus {flame, rCorr}
  5161 | D:5      | Bought a scroll of identify for 46 gold pieces
  5161 | D:5      | Bought a scroll of identify for 46 gold pieces
  5216 | D:5      | Bought a scroll of identify for 44 gold pieces
  5393 | D:4      | Killed Dowan
  5409 | D:4      | Killed Duvessa
  5730 | D:4      | Found a staircase to the Ecumenical Temple.
  5777 | Temple   | Entered the Ecumenical Temple
  5792 | Temple   | Became a worshipper of Warmaster Okawaru
  6099 | D:6      | Reached XP level 9. HP: 67/73 MP: 9/9
  6153 | D:6      | Found a bloodstained altar of Trog.
  6205 | D:6      | Reached skill level 5 in Fighting
  6205 | D:6      | Reached skill level 13 in Axes
  6550 | D:6      | Noticed Menkaure
  6563 | D:6      | Killed Menkaure
  6778 | D:6      | Reached * piety under Okawaru
  6952 | D:6      | Found a runed translucent door.
  6953 | D:6      | Noticed terff's ghost (novice HuCj)
  7178 | D:6      | Found a hide-covered altar of Uskayaw.
  7224 | D:6      | Noticed Eustachio
  7230 | D:6      | Killed Eustachio
  7231 | D:6      | Reached skill level 14 in Axes
  8370 | D:8      | Noticed Joseph
  8829 | D:9      | Noticed a hornet
  8837 | D:9      | Killed a hornet
  8837 | D:9      | Reached ** piety under Okawaru
  9098 | D:9      | Reached skill level 15 in Axes
  9098 | D:9      | Reached skill level 1 in Throwing
  9141 | D:9      | Reached XP level 10. HP: 72/86 MP: 7/10
  9261 | D:9      | Noticed Erica
  9276 | D:9      | Killed Erica
  9348 | D:9      | Found a staircase to the Lair.
  9371 | D:9      | Reached *** piety under Okawaru
  9372 | D:9      | Reached skill level 16 in Axes
  9412 | D:9      | Found a stormy altar of Qazlal.
 10120 | Lair:1   | Entered Level 1 of the Lair of Beasts
 10434 | Lair:1   | Reached skill level 17 in Axes
 10513 | Lair:1   | Noticed a black mamba
 10519 | Lair:1   | Killed a black mamba
 10519 | Lair:1   | Reached **** piety under Okawaru
 10708 | Lair:1   | Reached XP level 11. HP: 77/97 MP: 7/11
 10933 | Lair:1   | Received a gift from Okawaru
 11197 | Lair:1   | You fall into a shaft and drop 1 floor!
 11334 | Lair:1   | Reached skill level 10 in Fighting
 11416 | Lair:1   | Reached ***** piety under Okawaru
 11637 | Lair:1   | Received a gift from Okawaru
 11667 | Lair:1   | Received a gift from Okawaru
 11671 | Lair:1   | Reached skill level 18 in Axes
 12063 | Lair:2   | Noticed a seven-headed hydra
 12072 | Lair:2   | Killed a four-headed hydra
 12301 | Lair:2   | Reached skill level 5 in Armour
 12526 | Lair:2   | Found a runed translucent door.
 12527 | Lair:2   | Noticed Elebi's ghost (journeyman DrTm)
 13298 | Lair:3   | Noticed Urug
 13304 | Lair:3   | Killed Urug
 13305 | Lair:3   | Reached XP level 12. HP: 96/110 MP: 9/12
 13780 | Lair:3   | Found a frozen archway.
 13784 | Lair:3   | Noticed a boulder beetle
 13786 | Lair:3   | Noticed Gastronok
 13791 | IceCv    | Entered an ice cave
 14004 | IceCv    | Reached skill level 5 in Throwing
 14086 | IceCv    | Acquired a manual of Throwing
 14253 | Lair:4   | Identified the +1 helmet of Okawaru's Generosity {Str+2
                  | Int-2 Dex+3} (Okawaru gifted it to you on level 4 of the
                  | Lair of Beasts)
 14253 | Lair:4   | Received a gift from Okawaru
 14266 | Lair:4   | Reached skill level 19 in Axes
 14954 | Lair:4   | Noticed a catoblepas
 15000 | Lair:4   | Slain by a catoblepas

Illustrated notes

Levels and vault maps discovered:
D:1:      mrwooster_arrival_arrow, layout_rooms
D:2:      layout_basic, minmay_split_cup_small
D:3:      layout_loops_ring, ebering_ecumenical_altar_sacrificial, uniq_jessica
D:4:      layout_rooms, evilmike_ruin_ashenzari, minmay_temple_entry_overgrown,
          uniq_duvessa
D:5:      kennysheep_six_static_rooms, layout_cave_pools,
          grunt_dithmenos_shadows, serial_shops, shop, shop, nicolae_shop_trees,
          shop, minmay_misc_feat_roman, uniq_grinder
D:6:      layout_loops_corners, marbit_many_paths, mainiacjoe_overflow_24_doors,
          gammafunk_ghost_grave, minmay_misc_feat_doors, uniq_eustachio,
          uniq_menkaure
D:7:      layout_rooms
D:8:      layout_cave_pods, nicolae_overflow_crystal_walls, nzn_ghost_randoct,
          uniq_joseph
D:9:      layout_irregular_city, nicolae_qazlal_general_emergency,
          david_lair_shrubbed, lightli_bailey_entry_fortress, uniq_erica
Temple:   zaba_magenta_temple
Lair:1:   beast_lair_carwin_large_4, layout_cave_pods, grunt_megastairs_4
Lair:2:   layout_chaotic_city, ebering_ghost_inner_flame
Lair:3:   layout_cave_pods, portal_ice_cave_entry_pillars_1,
          serial_bayou_lagoon_a, infiniplex_staircase_pool_2, uniq_gastronok,
          uniq_urug, uniq_snorg
Lair:4:   layout_regular_city, elwin_shoals_entry_rocks,
          hellmonk_spider_entry_life_and_decay, kennysheep_basilisk_garden,
          grunt_megastairs_2

Skill      XL: |  1  2  3  4  5  6  7  8  9 10 11 12 |
---------------+-------------------------------------+-----
Axes           | 3 4 5 6 7 8 10 12 15 17 18 19 | 19.3
Maces & Flails | 1 2 3 4 |  4.6
Fighting       | 4 7 9 11 12 | 12.4
Throwing       | 1 2 4 5 |  5.4
Armour         | 5 7 |  7.2
Dodging        | |  0.1
Stealth        | |  0.1
Shields        | |  3.2

Action                   |  1- 3 |  4- 6 |  7- 9 | 10-12 || total
-------------------------+-------+-------+-------+-------++-------
Melee: War axe           |    71 |       |       |       ||    71
       Whip              |    22 |    85 |   102 |       ||   209
       Battleaxe         |       |       |   100 |   268 ||   368
Throw: Dart              |       |       |     5 |     3 ||     8
       Javelin           |       |       |       |     1 ||     1
Invok: Heroism           |       |       |       |     1 ||     1
Evoke: Wand              |       |     1 |     8 |    18 ||    27
  Use: Potion            |       |     1 |       |     2 ||     3
       Scroll            |       |       |    13 |     7 ||    20
Armor: Scale mail        |    34 |       |       |       ||    34
       Plate armour      |    26 |    57 |   133 |    82 ||   298
       Chain mail        |       |       |       |    61 ||    61
Dodge: Dodged            |    39 |    25 |    64 |   164 ||   292
Block: Buckler           |    27 |    38 |    22 |       ||    87
